AoeStats
← [UZN] Yen Lo

Nomad

510815364Analyzed
4v4 RM · 22h ago on Oct 2, 2026· 43m 18s· 8 players
Game mode
Random Map
Map size
231×231
Population
200
Speed
Normal
Resources
Standard
Victory
Conquest
Starting age
Dark Age
Ending age
Imperial Age
RankedLock teamsTeams togetherTeam positionsShared explorationLock speedFull tech treeHidden civsTurbo modeCheats
Victory
Defeat
🇳🇱 Lithuanians · Netherlands
1311
+15
🇳🇱 Franks · Netherlands
1303
+15
🇭🇺 Varangians · Hungary
1283
+16
🇹🇼 Poles · Taiwan
1233
+18
🇹🇼 Mongols · Taiwan
1331
-17
🇹🇼 Saxons · Taiwan
1294
-17
🇨🇳 Vikings · China
1269
-15
🇹🇼 Persians · Taiwan
1250
-15
鱼鱼
15:28 Feudal Age
19:04 Castle Age
18:13 Fletching
18:32 Double-Bit Axe
19:43 Bodkin Arrow
20:21 Bow Saw
22:48 Ballistics
26:46 Gold Mining
29:15 Scale Mail Armor
29:26 Forging
29:10 Pikeman
29:52 Squires
32:36 Chieftains
35:19 Fishing Lines
38:39 Imperial Age
36:20 Horse Collar
36:27 Man-at-Arms
36:55 Arson
37:27 Chain Mail Armor
37:37 Long Swordsman
45:02 Imperial Age
45:09 Imperial Age
[UZN] Yen Lo
12:50 Feudal Age
21:17 Loom
32:45 Double-Bit Axe
41:14 Castle Age
39:17 Horse Collar
[UZN]1111111
4:54 Loom
12:09 Feudal Age
12:47 Double-Bit Axe
14:33 Wheelbarrow
19:12 Forging
19:12 Fishing Lines
19:29 Gold Mining
23:51 Castle Age
23:52 Fletching
24:30 Gillnets
26:07 Bodkin Arrow
27:12 Bow Saw
31:35 Hand Cart
32:11 Guard Tower
33:58 Town Watch
34:37 Ballistics
36:14 Gold Shaft Mining
36:11 Masonry
41:05 Sanctity
[UZN]Listenphone
4:40 Loom
13:01 Feudal Age
18:28 Castle Age
17:12 Double-Bit Axe
17:33 Fletching
23:28 Wheelbarrow
23:33 Fishing Lines
28:32 Gillnets
33:51 Bodkin Arrow
35:16 Padded Archer Armor
39:43 Husbandry
39:53 Bloodlines
43:46 Imperial Age
Gerbano
5:11 Loom
12:15 Feudal Age
16:40 Castle Age
15:41 Scale Barding Armor
16:10 Bloodlines
20:40 Husbandry
27:13 Chain Barding Armor
26:53 Horse Collar
33:34 Wheelbarrow
32:57 Fletching
33:22 Town Watch
33:56 Forging
34:11 Heavy Plow
34:01 Double-Bit Axe
35:52 Bodkin Arrow
36:32 Iron Casting
37:11 Hand Cart
40:23 Imperial Age
40:29 Gold Mining
40:30 Stone Mining
41:45 Masonry
42:25 Bow Saw
41:49 Cavalier
Red
11:32 Loom
13:56 Feudal Age
18:46 Fletching
19:42 Horse Collar
23:10 Castle Age
28:18 Forging
28:09 Scale Mail Armor
31:45 Wheelbarrow
31:47 Stone Mining
31:47 Gold Mining
32:00 Squires
31:53 Arson
32:31 Heavy Plow
35:04 Chain Mail Armor
39:00 Iron Casting
Boar to Death
5:01 Loom
13:14 Feudal Age
20:04 Castle Age
18:18 Scale Barding Armor
20:38 Forging
20:16 Light Cavalry
21:31 Town Watch
21:52 Husbandry
25:29 Chain Barding Armor
26:19 Double-Bit Axe
28:52 Bow Saw
29:47 Gold Mining
31:23 Wheelbarrow
31:28 Gold Shaft Mining
32:47 Hand Cart
36:24 Imperial Age
36:44 Iron Casting
37:01 Cavalier
38:16 Conscription
39:16 Plate Barding Armor
39:42 Blast Furnace
39:27 Paladin
scurhun
5:23 Loom
14:32 Feudal Age
19:54 Castle Age
18:38 Gold Mining
18:35 Double-Bit Axe
19:44 Bloodlines
20:54 Bow Saw
24:04 Horse Collar
25:17 Husbandry
26:47 Wheelbarrow
28:32 Hand Cart
28:58 Scale Barding Armor
31:09 Chain Barding Armor
31:36 Fishing Lines
32:30 Forging
32:52 Heavy Plow
33:18 Stone Mining
34:20 Squires
34:06 Gambesons
34:25 Scale Mail Armor
37:13 Imperial Age
34:29 Town Watch
34:41 Arson
35:44 Chain Mail Armor
38:08 Stone Shaft Mining
37:56 Ballistics
38:13 Iron Casting
37:37 Elite Varangian Guard
40:35 Blast Furnace
41:46 Plate Barding Armor
41:48 Elite Jarl
42:30 Fletching
Connection lost

Rejoining the realm…

Still unreachable

The connection could not be restored.

Session expired

The server has moved on; the page needs a fresh start.